Map: Thunderbird LE

Players

benjii - Winner!

  • Race: Terran Terran
  • League: Master
  • Spawn Location: 5:00

Mez

  • Race: Terran Terran
  • League: Master
  • Spawn Location: 11:00

VOD

Have the link to the VOD?

Description

Time

  • Played on: Aug. 10, 2019, 4:08 p.m.
  • Length: 16:30
Show
View Real Time Build Order
Export as new Build Order

benjii Terran - Winner!

Build Orders: 1/1/1, Mech, Banshee Rush 

Get SALT Encoding   

  12  0:01  SCV  
  13  0:13  SCV  
  14  0:16  Supply Depot  
  14  0:25  SCV  
  15  0:38  SCV  
  15  0:39  Barracks  
  16  0:45  Refinery  
  16  0:50  SCV  
  17  1:02  SCV  
  18  1:04  Refinery  
  18  1:08  Supply Depot  
  18  1:14  SCV  
  19  1:27  Orbital Command  
  19  1:28  Marine  
  20  1:40  Factory  
  20  1:46  Marine  
  21  1:52  SCV  
  22  2:03  Marine  
  22  2:04  SCV  
  24  2:17  SCV  
  24  2:21  Marine  
  26  2:23  Factory Tech Lab  
  26  2:24  Starport  
  26  2:29  SCV  
  27  2:30  Supply Depot  
  27  2:39  Marine  
  27  2:41  Siege Tank  
  31  2:51  SCV  
  31  2:55  Supply Depot  
  32  3:02  Marine  
  32  3:04  Starport Tech Lab  
  32  3:05  SCV  
  33  3:17  SCV  
  34  3:23  Cloaking Field, Banshee  
  40  3:35  Siege Tank  
  40  3:37  SCV  
  41  3:50  Command Center  
  41  3:56  SCV  
  42  4:03  Supply Depot  
  42  4:06  Marine, Banshee  
  42  4:09  SCV  
  46  4:25  Siege Tank  
  46  4:31  Supply Depot  
  49  4:37  Marine  
  48  4:41  SCV  
  49  4:49  Banshee  
  52  4:53  SCV  
  53  5:00  Siege Tank  
  53  5:05  SCV  
  53  5:07  Marine  
  54  5:21  SCV  
  53  5:22  Orbital Command  
  53  5:24  Marine  
  53  5:32  Siege Tank  
  56  5:42  Marine  
  52  5:43  SCV  
  52  5:49  Banshee  
  57  5:53  SCV  
  57  5:56  SCV  
  59  5:57  Engineering Bay  
  59  6:00  Marine  
  60  6:04  Refinery  
  60  6:08  SCV  
  58  6:22  SCV x2  
  60  6:26  Missile Turret, Marine  
  61  6:34  SCV  
  61  6:35  Refinery  
  62  6:40  Command Center  
  62  6:44  Missile Turret  
  59  6:47  SCV  
  59  6:49  SCV  
  59  6:50  Missile Turret  
  61  7:04  Missile Turret  
  61  7:05  Siege Tank  
  61  7:08  Armory  
  64  7:10  Missile Turret  
  64  7:14  SCV  
  65  7:16  Missile Turret  
  65  7:24  Missile Turret  
  65  7:25  SCV  
  63  7:43  Factory  
  63  7:44  Factory  
  63  7:45  Missile Turret  
  63  7:46  Factory  
  60  7:57  SCV  
  60  7:58  SCV  
  62  8:00  Infernal Pre-Igniter  
  62  8:09  Siege Tank, SCV  
  62  8:12  SCV  
  63  8:25  Planetary Fortress  
  61  8:29  Hellion x2  
  61  8:31  SCV  
  66  8:35  Hellion  
  66  8:40  Thor, Supply Depot  
  71  8:46  SCV  
  72  8:50  Missile Turret, SCV  
  73  8:58  SCV  
  73  9:02  Missile Turret  
  74  9:07  SCV  
  75  9:10  SCV, Factory Tech Lab x2  
  75  9:12  Missile Turret  
  75  9:13  Hellion  
  75  9:16  SCV  
  79  9:22  SCV  
  79  9:23  Refinery, Thor  
  86  9:28  SCV  
  87  9:34  Hellion, SCV  
  87  9:36  Siege Tank  
  87  9:37  Hellion  
  95  9:46  SCV  
  93  9:56  Hellion, Terran Vehicle Weapons Level 1  
  93  9:58  SCV x2  
  93  9:59  Hellion  
  99  10:01  Armory  
  99  10:07  Hellion  
  101  10:15  Missile Turret  
  101  10:21  Supply Depot  
  101  10:23  Siege Tank x2, SCV x2  
  101  10:25  Barracks  
  109  10:31  Missile Turret  
  109  10:38  Missile Turret  
  109  10:42  Siege Tank, SCV  
  113  10:55  Siege Tank  
  116  11:00  Siege Tank  
  115  11:05  SCV  
  115  11:08  Viking  
  116  11:18  SCV  
  117  11:20  Supply Depot  
  117  11:22  Terran Vehicle And Ship Armor Level 1  
  117  11:27  SCV  
  117  11:28  Supply Depot  
  117  11:42  Siege Tank x2, Hellion  
  117  11:46  Viking, SCV x2  
  125  11:48  Siege Tank  
  125  11:49  SCV  
  125  11:51  Supply Depot  
  125  11:53  Supply Depot  
  102  12:04  Hellion  
  98  12:14  Siege Tank x2  
  104  12:16  Banshee  
  104  12:18  SCV  
  104  12:19  Factory  
  104  12:20  Siege Tank, Command Center, Factory  
  111  12:25  Hellion  
  113  12:43  SCV  
  114  12:45  Supply Depot  
  114  12:46  Siege Tank, Hellion  
  114  12:47  Hellion  
  114  12:48  Terran Vehicle Weapons Level 2  
  121  12:52  Hellion  
  121  12:55  SCV  
  122  12:59  Viking  
  122  13:02  Hellion  
  126  13:08  Siege Tank, Refinery, Hellion  
  131  13:13  Hellion  
  131  13:16  Hellion  
  131  13:19  Hellion  
  131  13:24  Hellion  
  120  13:29  Viking, Hellion  
  115  13:35  Hellion  
  115  13:37  Hellion  
  115  13:40  Siege Tank x2  
  125  13:42  SCV  
  125  13:44  Planetary Fortress  
  125  13:45  Hellion  
  128  13:51  Hellion  
  127  13:56  Hellion  
  127  13:59  Hellion  
  112  14:06  Hellion  
  112  14:08  Starport  
  97  14:12  Siege Tank x2, Hellion  
  97  14:13  Missile Turret  
  101  14:17  SCV  
  101  14:19  Missile Turret, Refinery  
  101  14:20  SCV  
  103  14:28  Thor  
  103  14:29  SCV  
  110  14:32  SCV, Factory Tech Lab  
  111  14:41  SCV  
  111  14:42  Missile Turret  
  111  14:44  SCV  
  113  14:46  Siege Tank x2  
  113  14:52  Siege Tank  
  122  14:53  SCV  
  122  14:55  Starport Reactor  
  122  14:56  SCV  
  122  14:59  Viking  
  124  15:04  Supply Depot  
  124  15:05  SCV  
  125  15:08  SCV  
  125  15:11  Hellion, Siege Tank  
  131  15:18  Siege Tank  
  131  15:19  Hellion x2  
  138  15:24  Siege Tank  
  141  15:29  Viking  
  141  15:33  SCV  
  141  15:34  Hellion  
  146  15:37  Viking  
  148  15:44  Hellion x2  
  148  15:45  SCV  
  148  15:46  Viking  
  148  15:47  SCV  
  156  15:52  Refinery  
  156  15:58  SCV  
  156  15:59  Viking  
  157  16:10  SCV  
Show
View Real Time Build Order
Export as new Build Order

Mez Terran 

Build Orders:  

Get SALT Encoding   

  12  0:00  SCV  
  13  0:12  SCV  
  14  0:17  Supply Depot  
  14  0:25  SCV  
  15  0:39  SCV  
  15  0:41  Barracks  
  16  0:51  Refinery  
  16  0:52  SCV  
  16  0:54  Refinery  
  17  1:04  SCV  
  18  1:19  SCV  
  19  1:29  Reaper  
  19  1:31  Orbital Command  
  20  1:39  Supply Depot  
  20  1:47  Factory  
  20  1:57  SCV  
  21  2:01  Reaper  
  22  2:10  SCV  
  23  2:20  Command Center  
  23  2:24  SCV  
  24  2:32  Factory Tech Lab  
  24  2:35  Barracks Reactor, Supply Depot  
  24  2:38  SCV  
  25  2:45  Starport  
  25  2:50  SCV  
  26  3:07  SCV  
  26  3:08  Cyclone  
  30  3:14  Supply Depot  
  30  3:29  SCV  
  30  3:32  Starport Tech Lab  
  30  3:33  Marine x2  
  32  3:36  Orbital Command  
  32  3:45  Siege Tank  
  34  3:50  Marine  
  34  3:51  Marine  
  34  3:54  SCV  
  37  4:03  Refinery  
  37  4:05  Raven  
  37  4:08  SCV x2, Marine  
  37  4:09  Marine  
  43  4:27  SCV x2  
  43  4:29  Marine x2  
  43  4:30  Siege Tank  
  50  4:39  SCV x2  
  50  4:58  Viking  
  50  4:59  Marine x2  
  53  5:02  SCV x2  
  53  5:06  Supply Depot  
  46  5:30  Viking  
  46  5:34  SCV x2  
  48  5:37  Siege Tank  
  46  5:46  SCV x2  
  48  5:50  Marine x2  
  48  5:56  Supply Depot  
  50  5:58  SCV x2  
  50  5:59  Barracks x2  
  54  6:06  Banshee  
  54  6:10  Siege Tank  
  58  6:22  Marine x2  
  58  6:23  SCV x2  
  62  6:30  Supply Depot  
  62  6:33  Engineering Bay  
  62  6:40  SCV x2  
  65  6:48  Barracks Reactor x2  
  65  6:52  SCV  
  65  6:58  SCV  
  66  7:04  SCV  
  66  7:05  Terran Infantry Weapons Level 1  
  67  7:08  Command Center  
  67  7:10  Refinery, SCV  
  68  7:17  SCV  
  68  7:19  Marine  
  68  7:22  SCV  
  68  7:37  Marine  
  68  7:40  Siege Tank, Marine x2  
  68  7:41  Marine x2  
  68  7:42  Viking x2  
  68  7:43  SCV x2  
  82  7:55  SCV, Marine  
  82  7:56  SCV  
  82  7:58  Marine  
  86  8:20  Siege Tank, SCV x2, Marine x5  
  90  8:35  Orbital Command  
  90  8:37  Marine x5  
  90  8:38  Stimpack  
  90  8:39  SCV x2  
  90  8:40  Barracks  
  90  8:41  Barracks  
  94  8:45  Medivac x2  
  98  8:51  SCV x2  
  98  8:55  Marine, Supply Depot  
  100  8:57  Supply Depot  
  100  8:58  Supply Depot  
  100  9:00  Terran Infantry Armor Level 1, Orbital Command  
  101  9:05  SCV x2, Marine x4  
  107  9:13  Marine  
  108  9:23  Marine x2  
  108  9:24  Medivac x2  
  114  9:29  SCV x3  
  114  9:30  Marine  
  114  9:31  Marine  
  118  9:32  Barracks Reactor  
  118  9:33  Barracks Reactor  
  118  9:34  Refinery  
  113  9:39  Missile Turret  
  113  9:42  Missile Turret  
  107  9:52  Missile Turret  
  107  9:55  Marine x5  
  107  9:57  Medivac x2  
  116  10:03  SCV x3  
  119  10:09  Supply Depot  
  119  10:11  Supply Depot  
  119  10:12  Marine  
  120  10:18  SCV x3  
  120  10:21  Refinery  
  123  10:23  Marine x2  
  123  10:24  Marine x2  
  123  10:27  Supply Depot  
  127  10:37  Marine x4  
  127  10:38  Combat Shield  
  131  10:44  Command Center  
  126  11:03  Marine x8, Marauder  
  127  11:04  Siege Tank  
  127  11:06  Medivac x2  
  127  11:09  Factory  
  124  11:12  Starport  
  124  11:17  Starport  
  115  11:24  Marauder  
  117  11:28  Marine x3  
  117  11:29  Marine  
  121  11:38  SCV x2, Barracks Tech Lab  
  121  11:39  SCV, Barracks  
  124  11:40  Barracks x2  
  124  11:46  Siege Tank, Marine, Marauder  
  128  11:50  SCV x2  
  98  12:03  Marine x3, Marauder  
  98  12:04  Marine  
  98  12:07  Marauder  
  96  12:10  Starport Reactor, Starport Tech Lab, Barracks Tech Lab  
  96  12:13  Fusion Core, Factory Tech Lab  
  96  12:18  Siege Tank  
  96  12:21  Marine  
  100  12:29  Command Center  
  100  12:33  Refinery  
  100  12:38  Marine  
  100  12:39  Refinery, Marine x2, Marauder x3, Liberator x2  
  100  12:43  Viking x3  
  115  12:47  Marine  
  115  12:48  Siege Tank  
  119  12:56  Marine  
  119  13:00  Marauder x3  
  125  13:06  Marine x2  
  125  13:07  Marine  
  125  13:09  Barracks Tech Lab x3  
  128  13:21  Marauder  
  128  13:23  Siege Tank x2  
  133  13:29  Liberator x2  
  112  13:41  Marine  
  112  13:42  Marine, Marauder x2  
  123  13:55  Siege Tank x2  
  124  14:02  Marine x3, Marauder x2  
  114  14:03  Marine x3, Marauder x2  
  110  14:20  Marine x2  
  110  14:21  Marauder x2  
  110  14:24  Marauder  
  118  14:26  Concussive Shells  
  118  14:30  Armory  
  118  14:32  Viking x3  
  118  14:33  Engineering Bay  
  124  14:38  Orbital Command  
  124  14:40  SCV x3  
  127  14:47  Siege Tank  
  127  14:48  Siege Tank  
  133  14:54  SCV x4  
  135  15:06  SCV  
  128  15:18  Marine x2, Marauder x2  
  112  15:30  Viking x3  
  112  15:31  Viking x2  
  112  15:32  SCV x2  
  118  15:37  Marauder  
  118  15:38  Marauder  
  110  15:43  Refinery  
  110  15:46  Marauder x2  
  109  16:00  Viking  
Tags
 
Composition
Mech
Matchup
TvT
Opening
1/1/1
Race
Terran
Spawn Locations
Cross Positions
Strategy
Banshee Rush
Add a new tag
Caveats
  • Supply blocks, unpowered buildings, or Contaminate may cause inaccurate times.
  • Supply counts are checked every 10 seconds.